Map: Ascension to Aiur LE

Players

Lambo - Winner!

  • Race: Zerg Zerg
  • Spawn Location: 11:00

GAMETIME

  • Race: Zerg Zerg
  • Spawn Location: 5:00

Event: WCS Montreal 2017

VOD

Have the link to the VOD?

Description

Time

  • Played on: Sept. 8, 2017, 11:48 a.m.
  • Length: 7:11

All games in this series

Show
View Real Time Build Order
Export as new Build Order

Lambo Zerg - Winner!

Build Orders: Pool First, Zergling Baneling 

Get SALT Encoding   

  12  0:00  Drone  
  13  0:12  Overlord  
  13  0:17  Drone  
  14  0:31  Drone x2  
  14  0:35  Drone  
  17  0:41  Extractor  
  16  0:46  Drone  
  17  0:50  Spawning Pool  
  17  0:56  Drone  
  17  1:06  Drone  
  18  1:20  Hatchery  
  18  1:23  Drone  
  18  1:37  Queen  
  20  1:41  Metabolic Boost  
  20  1:45  Zergling x2  
  21  1:49  Zergling x2  
  22  1:55  Overlord  
  22  2:02  Baneling Nest  
  22  2:08  Drone  
  22  2:20  Zergling x2  
  23  2:25  Zergling x2  
  23  2:26  Queen  
  26  2:33  Zergling x4  
  28  2:46  Zergling x8  
  32  2:55  Overlord  
  32  2:59  Zergling x2  
  32  3:05  Baneling x4  
  33  3:07  Drone  
  33  3:10  Drone  
  35  3:13  Baneling x2  
  35  3:18  Drone x2  
  37  3:22  Drone x2  
  39  3:29  Drone  
  37  3:43  Baneling x2  
  37  3:48  Drone x4  
  39  3:54  Drone x2  
  37  3:55  Zergling x2  
  37  3:59  Zergling x6  
  37  4:02  Drone  
  41  4:08  Baneling x2  
  41  4:10  Zergling x2  
  41  4:15  Baneling  
  41  4:16  Hatchery  
  41  4:18  Drone  
  41  4:23  Queen  
  44  4:26  Overlord  
  44  4:29  Baneling  
  44  4:37  Overlord  
  44  4:43  Overlord  
  43  4:53  Drone x6  
  43  4:56  Drone x4  
  43  4:57  Drone  
  54  5:00  Roach Warren  
  54  5:06  Baneling x2  
  53  5:07  Zergling x4  
  55  5:18  Extractor  
  55  5:19  Extractor  
  55  5:20  Drone x2, Evolution Chamber  
  53  5:30  Drone x3  
  56  5:38  Drone x3  
  56  5:39  Drone x2  
  61  5:45  Lair  
  61  5:46  Drone x4  
  64  5:56  Extractor, Zergling x6  
  66  6:04  Overlord  
  66  6:07  Roach  
  66  6:08  Roach x2  
  66  6:09  Overlord  
  72  6:12  Overlord  
  71  6:22  Roach x2  
  76  6:25  Roach  
  76  6:26  Roach x3  
  76  6:31  Spine Crawler  
  79  6:33  Spine Crawler  
  79  6:34  Roach x3  
  79  6:35  Roach  
  79  6:36  Spine Crawler  
  79  6:39  Roach x4  
  93  6:42  Roach  
  95  6:47  Roach  
  95  6:48  Overlord  
  95  6:52  Overlord  
Show
View Real Time Build Order
Export as new Build Order

GAMETIME Zerg 

Build Orders: Hatch First, Zergling Baneling 

Get SALT Encoding   

  12  0:00  Drone  
  13  0:08  Drone  
  14  0:17  Overlord  
  14  0:20  Extractor  
  13  0:23  Drone  
  15  0:35  Drone x2  
  17  0:52  Hatchery  
  17  0:56  Drone  
  17  0:58  Drone  
  18  1:09  Extractor  
  17  1:14  Spawning Pool  
  17  1:16  Drone  
  17  1:20  Drone  
  18  1:26  Drone  
  19  1:38  Overlord  
  19  2:00  Queen  
  21  2:01  Zergling x2  
  21  2:02  Zergling x2  
  21  2:03  Queen  
  21  2:04  Zergling x2  
  26  2:10  Metabolic Boost  
  26  2:11  Drone  
  26  2:15  Drone  
  28  2:20  Drone  
  29  2:26  Drone  
  30  2:31  Drone  
  30  2:34  Baneling Nest  
  30  2:36  Drone  
  31  2:42  Spine Crawler, Zergling x2  
  31  2:48  Overlord  
  31  2:54  Drone  
  31  2:56  Spine Crawler  
  31  2:57  Zergling x2  
  33  3:03  Zergling x2  
  34  3:09  Zergling x8  
  38  3:19  Baneling x3  
  38  3:20  Zergling x6  
  38  3:26  Zergling x4  
  42  3:28  Baneling x2  
  39  3:36  Zergling x2  
  39  3:38  Zergling x2  
  36  3:42  Zergling x2  
  36  3:46  Zergling x2  
  36  3:48  Zergling x2  
  35  3:53  Zergling x4  
  35  3:59  Zergling x4  
  35  4:08  Zergling x2  
  36  4:10  Zergling x2  
  37  4:17  Baneling x2  
  37  4:19  Drone  
  37  4:23  Zergling x2  
  39  4:30  Drone x4  
  43  4:36  Drone  
  43  4:42  Overlord  
  43  4:45  Baneling x2  
  43  4:54  Hatchery  
  42  5:07  Drone x3  
  42  5:08  Drone  
  42  5:09  Extractor  
  42  5:12  Roach Warren  
  44  5:17  Overlord  
  44  5:19  Overlord  
  39  5:48  Overlord x2  
  37  5:53  Roach  
  37  5:54  Roach x7  
  53  6:02  Roach x2  
  57  6:07  Roach  
  59  6:12  Roach  
  61  6:19  Roach  
  61  6:22  Roach  
  61  6:25  Zergling x2  
  65  6:26  Zergling x8  
  65  6:30  Zergling x2  
  69  6:34  Roach  
  69  6:36  Zergling x2  
  69  6:38  Baneling  
  69  6:39  Baneling x2  
  72  6:42  Baneling  
  72  6:44  Zergling x2  
  72  6:45  Zergling x2  
  74  6:49  Zergling x2  
  74  6:50  Zergling x2  
  74  6:52  Zergling x2  
Tags
 
Add a new tag
Caveats
  • Supply blocks, unpowered buildings, or Contaminate may cause inaccurate times.
  • Supply counts are checked every 10 seconds.